 Dungeon Crawl Stone Soup version 0.24.0-28-g17ded55e90 (webtiles) character file.

Game seed: 10730758713472644904, levelgen mode: deterministic

119 Nattfarinn the Digger (level 5, -2/50 HPs)
             Began as an Ogre Earth Elementalist on Nov 12, 2019.
             Slain by an adder (3 damage)
             ... on level 3 of the Dungeon.
             The game lasted 00:04:01 (2195 turns).

Nattfarinn the Digger (Ogre Earth Elementalist)     Turns: 2195, Time: 00:04:02

Health: -2/50      AC:  3    Str: 12    XL:     5   Next: 3%
Magic:  5/10       EV: 15    Int: 17    God:
Gold:   102        SH:  0    Dex: 17    Spells: 10/11 levels left

rFire    . . .     SeeInvis .   e - +0 club
rCold    . . .     Gourm    .   (no shield)
rNeg     . . .     Faith    .   c - +0 robe
rPois    .         Spirit   .   (helmet restricted)
rElec    .         Reflect  .   (no cloak)
rCorr    .         Harm     .   (gloves unavailable)
MR       .....                  (boots unavailable)
Stlth    +++.......             (no amulet)
HPRegen  0.16/turn              p - +3 ring of dexterity
MPRegen  0.12/turn              (no ring)

@: agile
A: large, unfitting armour, tough skin 1
a: no special abilities


You were on level 3 of the Dungeon.
You were not hungry.

You visited 1 branch of the dungeon, and saw 3 of its levels.

You collected 102 gold pieces.

Inventory:

Hand Weapons
 e - a +0 club (weapon)
Missiles
 b - 73 stones (quivered)
Armour
 c - a +0 robe (worn)
Jewellery
 k - an uncursed ring of protection from fire {unknown}
 p - a +3 ring of dexterity (left hand)
Scrolls
 a - 2 scrolls of teleportation {unknown}
 i - a scroll of remove curse {unknown}
 o - a scroll of magic mapping {unknown}
 q - a scroll of random uselessness {unknown}
 r - a scroll of blinking {unknown}
 s - a scroll of fear {unknown}
Potions
 g - a potion of brilliance {unknown}
 h - a potion of curing
 j - a potion of might {unknown}
 l - a potion of berserk rage {unknown}
 n - a potion of magic {unknown}
Comestibles
 d - 8 rations
 f - 7 chunks of flesh


   Skills:
 + Level 2.5 Fighting
 - Level 1.7 Dodging
 - Level 1.4 Stealth
 + Level 3.5 Spellcasting
   Level 0.8 Transmutations
 * Level 4.0 Earth Magic


You had 10 spell levels left.
You knew the following spells:

 Your Spells              Type           Power        Failure   Level  Hunger
a - Sandblast             Erth           ###...       3%          1    None

Your spell library contained the following spells:

 Spells                   Type           Power        Failure   Level  Hunger
 Passwall                 Tmut/Erth      ##......     9%          2    ##.....
 Stone Arrow              Conj/Erth      #.....       22%         3    ###....
 Petrify                  Tmut/Erth      ##......     52%         4    ####...
 Lee's Rapid Deconstruct  Erth           ###.......   65%         5    ######.


Dungeon Overview and Level Annotations

Branches:
Dungeon (3/15)

Altars:
Nemelex Xobeh


Innate Abilities, Weirdness & Mutations

You are too large for most types of armour.
You have tough skin. (AC +1)


Message History

Press: ? - help, Shift-Dir - straight line, f/p - centaur
Aim: a centaur, wielding a +0 shortbow (lightly wounded)
The blast of sand hits the centaur.
The centaur is moderately wounded.
b - 73 stones You feel sick.
The centaur shoots an arrow.
The arrow hits you.
* * * LOW HITPOINT WARNING * * *
The adder bites you.
* * * LOW HITPOINT WARNING * * *
You are more poisoned.
The adder poisons you!
The centaur shoots an arrow.
The arrow closely misses you.
It was a potion of curing.
You feel better. The adder bites you.
* * * LOW HITPOINT WARNING * * *
The centaur shoots an arrow.
The arrow hits you!
* * * LOW HITPOINT WARNING * * *
It was a potion of agility.
You feel agile all of a sudden. The adder bites you.
You die...

#.##..######....+ ###
#.....# #.<..# ...
#.###.# #....# #.#
..##....# #.# #.#
....#####. ######.## #..
#........# ........#
#.##........# ........#
#............ .....<..#
#(.(@..c.... #.####.##
##.(S....... ..## #.#
##.......... ...###รท#
###...>.......
.#....)####...#.........
.....#...##.###.........
.....#.#....# #....##...
.....#.#..### #....# .#.
........### #......


You could see a centaur and an adder.

Vanquished Creatures
  A bullfrog skeleton (D:2)
  An adder (D:2)
  2 oozes
  2 worms
  2 dart slugs
  3 leopard geckos
  2 orcs (D:3)
  9 bats
  2 giant cockroaches (D:1)
  4 goblins
  9 hobgoblins
  4 jackals (D:2)
  5 kobolds
  A quokka (D:2)
  2 frilled lizards
  5 rats
54 creatures vanquished.

Notes
Turn   | Place    | Note
-------+----------+-------------------------------------------
     0 | D:1      | Nattfarinn the Ogre Earth Elementalist began the quest for
                  | the Orb.
     0 | D:1      | Reached XP level 1. HP: 16/16 MP: 3/3
   159 | D:1      | Reached XP level 2. HP: 16/26 MP: 5/5
   166 | D:1      | Reached skill level 1 in Fighting
   166 | D:1      | Reached skill level 3 in Earth Magic
   466 | D:1      | Found a sparkling altar of Nemelex Xobeh.
   568 | D:1      | Reached XP level 3. HP: 23/33 MP: 2/7
  1460 | D:2      | Reached XP level 4. HP: 28/42 MP: 4/8
  2087 | D:3      | Reached skill level 4 in Earth Magic
  2162 | D:3      | Reached XP level 5. HP: 49/50 MP: 5/10
  2186 | D:3      | Noticed a centaur
  2194 | D:3      | HP: 1/50 [centaur/arrow (12)]
  2195 | D:3      | Slain by an adder

Levels and vault maps discovered:
D:1:      dpeg_arrival_radiant, layout_basic, nemelex_altar_shiori
D:2:      layout_loops_ring, st_stairs_5
D:3:      layout_rooms, marbit_many_paths, led_xom_imps, zin_treasury,
          lemuel_crystal_altar

Skill      XL: |  1  2  3  4 |
---------------+-------------+-----
Fighting       | 1 2 |  2.5
Earth Magic    | 3 4 |  4.0
Spellcasting   | 3 |  3.5
Dodging        | |  1.7
Stealth        | |  1.4
Transmutations | |  0.8

Action                   |  1- 3 |  4- 6 || total
-------------------------+-------+-------++-------
Melee: Club              |    79 |    17 ||    96
       Unarmed           |    11 |       ||    11
 Cast: Sandblast         |    31 |    29 ||    60
  Use: Potion            |       |     2 ||     2
  Eat: Chunk             |     2 |     2 ||     4
Armor: Robe              |    31 |    10 ||    41
Dodge: Dodged            |    74 |    21 ||    95
